 Dungeon Crawl Stone Soup version 0.17-a0-1373-g64d4c99 (webtiles) character file.

23 nuthulu the Covered (level 3, 0/23 HPs)
             Began as a Gargoyle Fighter on June 13, 2015.
             Slain by Sigmund
             ... wielding a +0 scythe
              (6 damage)
             ... on level 2 of the Dungeon.
             The game lasted 00:03:16 (1085 turns).

nuthulu the Covered (Gargoyle Fighter)              Turns: 1085, Time: 00:03:16

Health: 0/23       AC: 10    Str: 25    XL:     3   Next: 0%
Magic:  3/3        EV:  7    Int: 10    God:
Gold:   54         SH: 10    Dex:  7    Spells: 0 memorised, 2 levels left

rFire  + . .     SeeInvis .     a - +0 war axe
rCold  . . .     Clarity  .     b - +0 scale mail
rNeg   + . .     SustAt   .     c - +1 shield
rPois  ∞         Gourm    .     (no helmet)
rElec  +         Spirit   .     (no cloak)
rCorr  .         Warding  .     (no gloves)
rMut   .         Stasis   .     (no boots)
MR     .....                    (no amulet)
Stlth  ..........               (no ring)
                                (no ring)

@: mighty, not resistant to hostile enchantments, extremely unstealthy
A: clever 1, clumsy 1, fire resistance 1, negative energy resistance 1,
electricity resistance, unbreathing, petrification resistance, rot immunity, AC
+3
a: no special abilities


You were on level 2 of the Dungeon.
You were hungry.

You visited 1 branch of the dungeon, and saw 2 of its levels.

You collected 54 gold pieces.

Inventory:

Hand weapons
 a - a +0 war axe (weapon)
Armour
 b - a +0 scale mail (worn)
 c - a +1 shield (worn)
Scrolls
 f - 2 scrolls of remove curse {unknown}
Potions
 d - a potion of might
 i - 2 potions of brilliance
Comestibles
 e - a bread ration
 h - 3 fruits
 l - a meat ration


   Skills:
 - Level 3.2 Fighting
 * Level 2.4 Axes
 * Level 3.9 Armour
 - Level 3.2 Shields


You had 2 spell levels left.
You didn't know any spells.

Dungeon Overview and Level Annotations

Branches:
Dungeon (2/15)

Altars:

Annotations:
D:2 Sigmund


Innate Abilities, Weirdness & Mutations

You are resistant to torment.
Your stone body is resilient (AC +3).
You are immune to poison.
You resist negative energy.
You are resistant to electric shocks.
You can survive without breathing.
You are immune to petrification.
You are immune to rotting.
Your mind is acute. (Int +2)
You are clumsy. (Dex -2)
Your flesh is heat resistant.


Message History

You slash Sigmund!
Sigmund is almost dead.
Sigmund drinks a potion.
Sigmund is healed!
Sigmund gestures wildly while chanting.
Sigmund flickers and vanishes!
Deactivating autopickup; reactivate with Ctrl-A.
You miss something. Something hits you!
* * * LOW HITPOINT WARNING * * *
You closely miss something. Something hits you but does no damage.
Unknown command.
Drink which item? (? for menu, Esc to quit)
It was a potion of mutation.
You feel extremely strange.
You feel clumsy.
You feel clever.
You feel resistant to heat. Something hits you but does no damage.
A kobold comes into view.
Drink which item? (? for menu, Esc to quit)
It was a potion of magic.
Magic courses through your body.
The kobold shouts!
You miss something. Something hits you.
You die...

...?.
....#####
###......####
......>.....
###.....[.#
...K......#
###......#
#......###.#
###@{#.....#
#..#.#####
#..#.#
#..#.#####
#..#.#...#
#####
#..#.#)#.#
#...#
#..#.#.#.#
#.#.#
#..#.#(#.#
#.#.# #..(#.#
#.#.#


You could see a kobold.

Vanquished Creatures
  5 bats (D:1)
  5 giant cockroaches
  4 goblins (D:1)
  2 hobgoblins (D:1)
  A giant newt (D:1)
  5 kobolds
  4 rats (D:1)
26 creatures vanquished.

Notes
Turn   | Place    | Note
--------------------------------------------------------------
     0 | D:1      | nuthulu the Gargoyle Fighter began the quest for the Orb.
     0 | D:1      | Reached XP level 1. HP: 14/14 MP: 1/1
   235 | D:1      | Reached XP level 2. HP: 19/19 MP: 2/2
  1005 | D:2      | Reached XP level 3. HP: 20/23 MP: 3/3
  1068 | D:2      | Noticed Sigmund
  1083 | D:2      | Gained mutation: You are clumsy. (Dex -2) [potion of mutation]
  1083 | D:2      | Gained mutation: Your mind is acute. (Int +2) [potion of mutation]
  1083 | D:2      | Gained mutation: Your flesh is heat resistant. [potion of mutation]
  1085 | D:2      | Slain by Sigmund

Vault maps used:
D:1:      ncdulo_lavacross, minmay_surrounded
D:2:      ashenzari_altar_1, first_bread, uniq_sigmund, uniq_robin

Action                   || total
-------------------------++-------
Melee: War axe           ||   105
  Use: Scroll            ||     3
       Potion            ||     3
